 Dungeon Crawl Stone Soup version 0.30-a0-325-gb515db48ae (webtiles) character file.

Game seed: 8175256387612845815

17003 Tolsthunder the Thaumaturge (level 12, -15/77 HPs)
             Began as a Gargoyle Earth Elementalist on Oct 28, 2022.
             Was a Believer of Vehumet.
             Demolished by a skeletal warrior
             ... wielding a +0 glaive
              (17 damage)
             ... on level 13 of the Dungeon.
             The game lasted 00:18:11 (17320 turns).

Tolsthunder the Thaumaturge (GrEE)                 Turns: 17320, Time: 00:18:12

Health: -15/77     AC: 14    Str: 12    XL:     12   Next: 43%
Magic:  5/29       EV: 11    Int: 21    God:    Vehumet [**....]
Gold:   787        SH:  5    Dex: 10    Spells: 30/38 levels left

rFire   + . .      SeeInvis .    w - +0 whip (flame)
rCold   . . .      Faith    .    (no shield)
rNeg    + . .      Spirit   .    x - +0 robe {Will+}
rPois   ∞          Reflect  +    h - +1 helmet
rElec   +          Harm     .    G - scarf {shadows}
rCorr   .          Rampage  .    s - +0 pair of gloves
Will    +....                    a - +0 pair of boots
Stlth   ++........               m - amulet of reflection
HPRegen 0.32/turn                j - ring of protection from fire
MPRegen 0.21/turn                f - ring of wizardry

@: no status effects
A: sickness immunity, AC +8, negative energy resistance 1, electricity
resistance, torment resistance 1, petrification resistance
a: Renounce Religion


You were on level 13 of the Dungeon.
You worshipped Vehumet.
Vehumet was pleased with you.
You visited 2 branches of the dungeon, and saw 14 of its levels.
You also visited: Sewer.

You collected 787 gold pieces.

Inventory:

Hand Weapons
 w - a +0 whip of flaming (weapon)
Armour
 a - a +0 pair of boots (worn)
 h - a +1 helmet (worn)
 s - a +0 pair of gloves (worn)
 x - a +0 robe of willpower (worn)
 G - a scarf of shadows (worn)
 J - +0 acid dragon scales
Jewellery
 f - a ring of wizardry (right hand)
 j - a ring of protection from fire (left hand)
 m - an amulet of reflection (around neck)
 F - a ring of protection from fire
 L - an amulet of guardian spirit
Wands
 i - a wand of charming (5)
 H - a wand of flame (2)
 I - a wand of mindburst (3)
Scrolls
 d - 3 scrolls of fear
 k - 16 scrolls of identify
 n - 2 scrolls of teleportation
 r - 3 scrolls of enchant weapon {unknown}
 u - 4 scrolls of noise {unknown}
 y - a scroll of brand weapon {unknown}
 z - 4 scrolls of magic mapping {unknown}
 A - 2 scrolls of amnesia
 D - 2 scrolls of silence {unknown}
 K - 2 scrolls of butterflies
 M - 2 scrolls of poison
 N - a scroll of torment {unknown}
 O - a scroll of blinking {unknown}
Potions
 b - 4 potions of magic
 c - 2 potions of might {unknown}
 e - 2 potions of attraction {unknown}
 g - 3 potions of degeneration {unknown}
 l - 2 potions of invisibility {unknown}
 o - a potion of heal wounds
 p - 4 potions of haste {unknown}
 q - 2 potions of resistance {unknown}
 t - 5 potions of brilliance {unknown}
 v - 3 potions of cancellation {unknown}
 B - 6 potions of curing {unknown}
 C - 2 potions of ambrosia {unknown}
 E - a potion of flight {unknown}


   Skills:
 - Level 10.0 Fighting
 - Level 1.5 Dodging
 - Level 2.1 Stealth
 * Level 13.5 Spellcasting
 - Level 0.7 Transmutations
 + Level 12.8 Earth Magic


You had 30 spell levels left.
You knew the following spells:

 Your Spells              Type           Power      Damage    Failure   Level
a - Sandblast             Erth           100%       2d20      0%          1
b - Stone Arrow           Conj/Erth      82%        3d12      1%          3
c - Petrify               Tmut/Erth      42%        N/A       1%          4

Your spell library contained the following spells:

 Spells                   Type           Power      Damage    Failure   Level
 Freeze                   Ice            56%        1d7       1%          1
 Beastly Appendage        Tmut           34%        N/A       1%          1
 Passwall                 Tmut/Erth      35%        N/A       1%          2
 Wereblood                Tmut           17%        N/A       1%          2
 Leda's Liquefaction      Hex/Erth       20%        N/A       1%          4
 Ignite Poison            Fire/Tmut/Pois 15%        N/A       4%          3
 Spider Form              Tmut/Pois      15%        N/A       4%          3
 Call Canine Familiar     Summ           14%        N/A       6%          3
 Portal Projectile        Hex/Tloc       28%        N/A       6%          3
 Dispel Undead            Necr           14%        3d10      17%         4
 Sticky Flame             Conj/Fire      14%        2d4       17%         4
 Death Channel            Necr           7%         N/A       93%         6
 Summon Hydra             Summ           7%         N/A       100%        7
 Ignition                 Fire           7%         3d4       100%        8
 Cigotuvi's Dreadful Rot  Necr/Pois/Air  Unusable   N/A       N/A         2
 Sublimation of Blood     Necr           Unusable   N/A       N/A         2

Dungeon Overview and Level Annotations

Branches:
Dungeon (13/15)            Temple (1/1) D:6            Lair (0/5) D:8
    Orc (0/2) D:11          Sewer (visited)
 Vaults: D:13-14

Altars:
Ashenzari
Cheibriados
Dithmenos
Elyvilon
Fedhas
Gozag
Hepliaklqana
Kikubaaqudgha
Makhleb
Nemelex Xobeh
Okawaru
Qazlal
Ru
Sif Muna
Trog
Uskayaw
Vehumet
Wu Jian
Xom
Yredelemnul
Zin
The Shining One

Shops:
D:1 (   D:3 [[![   D:5 [

Portals:
Trove: D:12 (give +3 ice dragon scales)


Innate Abilities, Weirdness & Mutations

You are immune to sickness and miasma.
Your stone body is resilient. (AC +8)
You are immune to poison.
You resist negative energy. (rN+)
You are resistant to electric shocks. (rElec)
You are resistant to unholy torment.
You are immune to petrification.


Message History

Confirm with . or Enter, or press ? or * to list all spells.
Aiming: Stone Arrow (safe; 1% risk of failure)
Press: ? - help, Shift-Dir - straight line, f/p - skeletal warrior
Aim: a skeletal warrior, wielding a +0 glaive (heavily damaged, 76% to hit)
The stone arrow hits the skeletal warrior!
The skeletal warrior is moderately damaged.
Unknown command.
Casting: Stone Arrow (safe; 1% risk of failure)
Confirm with . or Enter, or press ? or * to list all spells.
Aiming: Stone Arrow (safe; 1% risk of failure)
Press: ? - help, Shift-Dir - straight line, f/p - skeletal warrior
Aim: a skeletal warrior, wielding a +0 glaive (heavily damaged, 76% to hit)
The stone arrow misses the skeletal warrior.
The stone arrow hits the skeletal warrior!!
The skeletal warrior is almost destroyed.
The skeletal warrior hits you from afar with a +0 glaive.
You block the skeletal warrior's attack.
Casting: Stone Arrow (safe; 1% risk of failure)
Confirm with . or Enter, or press ? or * to list all spells.
Aiming: Sandblast (safe; 0% risk of failure)
Press: ? - help, Shift-Dir - straight line, f/p - skeletal warrior
Aim: a skeletal warrior, wielding a +0 glaive (almost destroyed, 85% to hit)
The blast of sand hits the skeletal warrior!
The skeletal warrior is heavily damaged.
The skeletal warrior hits you with a +0 battleaxe!!
* * * LOW HITPOINT WARNING * * *
The skeletal warrior hits you from afar with a +0 glaive!!
* * * LOW HITPOINT WARNING * * *
The skeletal warrior hits you with a +0 battleaxe.
* * * LOW HITPOINT WARNING * * *
Your magical contamination has completely faded away.
Casting: Sandblast (safe; 0% risk of failure)
Confirm with . or Enter, or press ? or * to list all spells.
Aiming: Sandblast (safe; 0% risk of failure)
Press: ? - help, Shift-Dir - straight line, f/p - skeletal warrior
Aim: a skeletal warrior, wielding a +0 glaive (almost destroyed, 85% to hit)
The blast of sand hits the skeletal warrior.
The skeletal warrior is heavily damaged.
The skeletal warrior hits you from afar with a +0 glaive!
You die...

#...#..####. #..###......
###...#..####. #.......##
##' #.#.###.# ##.. #.#.#
#.###... ##.#.###.##....
..#.#######..^..##.#.....
....zzzz@..........+....[
..#.#######.....##.#.....
#........##....
##.#########... #.# ##..
#.# ##+ #.# #. #.# #.
#####.###########.


You could see 4 skeletal warriors.

Vanquished Creatures
  A catoblepas (D:13)
  5 two-headed ogres
  Pikel (D:4)
  A manticore (D:11)
  2 cyclopes
  2 gargoyles
  2 unseen horrors
  An efreet (D:13)
  5 trolls
  3 slime creatures (D:13)
  A hornet (D:7)
  7 wyverns
  2 basilisks (D:8)
  17 yaks
  Menkaure (D:5)
  3 acid dragons
  5 water moccasins
  2 sky beasts
  2 orc warriors
  A black bear (D:6)
  An ice beast (D:7)
  3 ogres
  4 centaurs
  2 phantoms (D:5)
  3 bullfrogs
  2 necrophages
  2 gnoll sergeants
  4 kobold brigands (Sewer)
  4 scorpions
  5 wights (D:8)
  9 killer bees
  3 howler monkeys
  5 hounds
  4 orc priests
  Jessica (D:2)
  2 iguanas (D:5)
  10 orc wizards
  7 gnolls
  9 adders
  A river rat (D:4)
  2 white imps
  2 worms
  5 dart slugs
  51 orcs
  9 ball pythons
  8 bats
  5 endoplasms
  7 giant cockroaches
  7 goblins
  11 hobgoblins
  3 quokkas
  2 frilled lizards
  22 kobolds
  5 rats
284 creatures vanquished.

Vanquished Creatures (others)
  A kobold brigand (Sewer)
  3 fungi (D:8)
  13 plants (D:8)
17 creatures vanquished.

Grand Total: 301 creatures vanquished

Notes
Turn   | Place    | Note
-------+----------+-------------------------------------------
     0 | D:1      | Tolsthunder the Gargoyle Earth Elementalist began the quest
                  | for the Orb.
     0 | D:1      | Reached XP level 1. HP: 10/10 MP: 3/3
   145 | D:1      | Reached XP level 2. HP: 10/16 MP: 0/5
   418 | D:1      | Reached skill level 1 in Fighting
   447 | D:1      | Found Leapyq's Weapon Boutique.
   515 | D:1      | Reached XP level 3. HP: 17/20 MP: 7/7
   920 | D:2      | Noticed Jessica
   924 | D:2      | Killed Jessica
   925 | D:2      | Reached skill level 3 in Spellcasting
   925 | D:2      | Reached XP level 4. HP: 26/26 MP: 3/8
  1252 | D:2      | Found a sacrificial altar of Ru.
  1389 | D:2      | Reached XP level 5. HP: 28/30 MP: 10/10
  1812 | D:2      | You fall into a shaft and drop 1 floor!
  1857 | D:3      | Found Qurhaid's Distillery.
  1883 | D:3      | Found Xyklej's Armour Emporium.
  2232 | D:3      | Found Retuc's Antique Armour Shoppe.
  2234 | D:3      | Found Julefo's Antique Armour Shoppe.
  2241 | D:3      | Reached skill level 4 in Spellcasting
  2241 | D:3      | Reached skill level 5 in Earth Magic
  2242 | D:3      | Reached XP level 6. HP: 28/36 MP: 4/12
  2679 | D:4      | Found a glowing drain.
  2694 | Sewer    | Entered a sewer
  3108 | Sewer    | Learned a level 3 spell: Stone Arrow
  3113 | Sewer    | Learned a level 4 spell: Petrify
  3151 | Sewer    | Reached skill level 5 in Spellcasting
  3151 | Sewer    | Reached XP level 7. HP: 34/41 MP: 7/14
  3500 | D:4      | Noticed Pikel
  3520 | D:4      | Killed Pikel
  3521 | D:4      | Reached skill level 6 in Spellcasting
  3521 | D:4      | Reached XP level 8. HP: 30/48 MP: 0/17
  3960 | D:4      | Found an ornate altar of the Wu Jian Council.
  4149 | D:4      | Found a burning altar of Makhleb.
  4265 | D:4      | Reached skill level 5 in Fighting
  4529 | D:5      | Entered Level 5 of the Dungeon
  4818 | D:5      | Found a shimmering blue altar of Sif Muna.
  4957 | D:5      | Noticed Menkaure
  4960 | D:5      | Killed Menkaure
  4961 | D:5      | Reached skill level 7 in Spellcasting
  5515 | D:5      | Reached XP level 9. HP: 55/55 MP: 4/20
  5733 | D:5      | Found Kupteb's Armour Boutique.
  5884 | D:6      | Found a staircase to the Ecumenical Temple.
  5895 | Temple   | Entered the Ecumenical Temple
  5993 | Temple   | Became a worshipper of Vehumet
  6612 | D:6      | Reached skill level 8 in Spellcasting
  7869 | D:7      | Noticed a hornet
  7875 | D:7      | Killed a hornet
  8018 | D:7      | Reached skill level 9 in Spellcasting
  8338 | D:7      | Reached XP level 10. HP: 61/63 MP: 2/23
  8795 | D:7      | Found a hide-covered altar of Uskayaw.
  9061 | D:7      | Found a sparkling altar of Nemelex Xobeh.
  9255 | D:8      | Reached * piety under Vehumet
  9255 | D:8      | Offered knowledge of Magic Dart by Vehumet.
  9409 | D:8      | Found a staircase to the Lair.
  9447 | D:8      | Reached skill level 10 in Spellcasting
  9773 | D:8      | Reached skill level 10 in Earth Magic
 10440 | D:9      | Found a blossoming altar of Fedhas.
 10672 | D:9      | Reached XP level 11. HP: 69/69 MP: 21/25
 10678 | D:9      | Reached skill level 11 in Spellcasting
 10959 | D:9      | Offered knowledge of Freeze by Vehumet.
 10969 | D:9      | Reached ** piety under Vehumet
 11252 | D:9      | Found a glowing silver altar of Zin.
 11420 | D:9      | Identified the +9 mace "Sugog" {flame, Dex+3}
 12034 | D:10     | Entered Level 10 of the Dungeon
 12369 | D:10     | Found a broken altar of Ashenzari.
 12395 | D:10     | Found an opulent altar of Gozag.
 12916 | D:10     | Found an ancient bone altar of Kikubaaqudgha.
 13027 | D:11     | Noticed a two-headed ogre
 13037 | D:11     | Killed a two-headed ogre
 13411 | D:11     | Found a staircase to the Orcish Mines.
 13584 | D:11     | Noticed a cyclops
 13586 | D:11     | Noticed a two-headed ogre
 13590 | D:11     | Killed a cyclops
 13597 | D:11     | Killed a two-headed ogre
 13598 | D:11     | Reached skill level 12 in Spellcasting
 14097 | D:11     | Reached skill level 10 in Fighting
 14332 | D:11     | Noticed a two-headed ogre
 14338 | D:11     | Killed a two-headed ogre
 14415 | D:11     | Noticed a manticore
 14423 | D:11     | Killed a manticore
 14931 | D:12     | Reached XP level 12. HP: 77/77 MP: 18/28
 15353 | D:12     | Noticed a two-headed ogre
 15357 | D:12     | Killed a two-headed ogre
 15428 | D:12     | Found a portal to a secret trove of treasure.
 15860 | D:12     | Reached skill level 13 in Spellcasting
 15917 | D:12     | Noticed a two-headed ogre
 15920 | D:12     | Killed a two-headed ogre
 16008 | D:13     | Noticed a catoblepas
 16015 | D:13     | HP: 3/77 [catoblepas (17)]
 16019 | D:13     | HP: 1/77 [catoblepas (15)]
 16021 | D:13     | Killed a catoblepas
 17319 | D:13     | HP: 3/77 [skeletal warrior/+0 glaive (20)]
 17319 | D:13     | HP: 1/77 [skeletal warrior/+0 battleaxe (2)]
 17320 | D:13     | Demolished by a skeletal warrior

Illustrated notes

Levels and vault maps discovered:
D:1:      lightli_molten_gateway, layout_basic, serial_shops,
          nicolae_shop_hallway_plus, supply_closet_lemuel, st_stairs_14
D:2:      minmay_diamond_boxcup, layout_loops_ring, basic_altar, uniq_jessica
D:3:      layout_rooms, serial_shops, nicolae_shop_overgrown_old_shop,
          shop_statue, shop_fountains, shop, amcnicky_mini_rare_corridor_liquid
D:4:      layout_basic, kennysheep_little_box, mainiacjoe_overflow_boulevard,
          portal_sewer_entry_a, uniq_pikel
D:5:      layout_loops_corners, mainiacjoe_overflow_alcove_4, serial_shops,
          nicolae_square_shop, kennysheep_decorative_pillar, uniq_menkaure
D:6:      minmay_skewed_foursquare, layout_basic, minmay_temple_entry_ruins
D:7:      layout_basic, nemelex_dance_club_becter,
          nicolae_uskayaw_murder_on_the_dancefloor, minmay_misc_feat_pillars
D:8:      layout_rooms, minmay_lair_entry_grove
D:9:      layout_gridville, zin_academy, fedhas_altar_3,
          hangedman_abyss_or_decor_clamps, chequers_jeans
D:10:     layout_cave_pools, nicolae_ashenzari_panopticon, old_standard_altar,
          mainiacjoe_overflow_24_doors, serial_column_ruins,
          column_ruins_grid_3, column_ruins_columns_straight,
          column_ruins_open_tiny, column_ruins_columns_dead_end,
          column_ruins_columns_straight
D:11:     layout_roguey, orc_david_3
D:12:     layout_loops_ring, enter_trove_3
D:13:     layout_loops_corners, corexii_hall_statues_t
Temple:   nicolae_temple_godzebo

Skill      XL: |  1  2  3  4  5  6  7  8  9 10 11 12 |
---------------+-------------------------------------+-----
Fighting       | 1 2 3 4 5 7 8 10 | 10.0
Earth Magic    | 4 5 6 7 9 10 12 | 12.8
Spellcasting   | 3 4 5 6 7 9 10 12 13 | 13.5
Dodging        | |  1.5
Stealth        | |  2.1
Transmutations | |  0.7

Action                   |  1- 3 |  4- 6 |  7- 9 | 10-12 || total
-------------------------+-------+-------+-------+-------++-------
Melee: Dagger            |   100 |   283 |     3 |       ||   386
       Punch             |       |     2 |     1 |     1 ||     4
       Whip              |       |       |   123 |    34 ||   157
 Cast: Sandblast         |    11 |    56 |    85 |   129 ||   281
       Stone Arrow       |       |       |    50 |   165 ||   215
  Use: Scroll            |       |     7 |       |       ||     7
       Potion            |       |       |       |     6 ||     6
 Stab: Sleeping          |     4 |     1 |     3 |       ||     8
Armor: Robe              |    24 |   139 |    76 |   114 ||   353
Dodge: Dodged            |    59 |   165 |    88 |   110 ||   422
Block: Other             |       |    71 |    34 |    54 ||   159
       Reflection        |       |     3 |       |     4 ||     7

Table legend: (Time is in decaauts)
 A = Elapsed time spent in this place.
 B = Non-inter-level travel time spent in this place.
 C = Inter-level travel time spent in this place.
 D = Time resting spent in this place.
 E = Time spent auto-exploring this place.
 F = Levels seen in this place.
 G = Mean time per level.
                   A        B        C        D        E       F      G
               +--------+--------+--------+--------+--------+-----+--------+
         Total |  17498 |  17216 |    282 |   5424 |   9494 |  15 | 1166.5 |
       Dungeon |  16537 |  16278 |    259 |   5057 |   9138 |  13 | 1272.1 |
        Temple |    125 |    102 |     23 |      0 |     81 |   1 |  125.0 |
         Sewer |    835 |    835 |      0 |    367 |    274 |   1 |  835.0 |
               +--------+--------+--------+--------+--------+-----+--------+

Top non-repeatable levels by time:
     D:9: 1890 daAuts
     D:6: 1711 daAuts
    D:11: 1689 daAuts
     D:7: 1439 daAuts
    D:13: 1350 daAuts
     D:5: 1333 daAuts
    D:12: 1317 daAuts
     D:8: 1289 daAuts
     D:4: 1191 daAuts
     D:2: 1087 daAuts
     D:1: 858 daAuts
   Sewer: 835 daAuts
    D:10: 742 daAuts
     D:3: 637 daAuts
  Temple: 125 daAuts
